 Dungeon Sprint DCSS version 0.30-a0-738-g116ff8c4af (webtiles) character file.

Game seed: 818902978094696320

4179 BigDaddyOpFi the Brooding (level 10, -5/89 HPs)
             Began as a Hill Orc Fighter on Feb 3, 2023.
             Was a Priest of Hepliaklqana.
             Killed by the air
             ... invoked by a wind drake
              (17 damage)
             ... in the Dungeon (Sprint VII: "The Pits").
             The game lasted 00:03:44 (2320 turns).

BigDaddyOpFi the Brooding (Hill Orc Fighter)        Turns: 2320, Time: 00:03:45

Health: -5/89      AC: 20    Str: 24    XL:     10   Next: 28%
Magic:  22/22      EV:  7    Int:  8    God:    Hepliaklqana [***...]
Gold:   0          SH:  7    Dex: 16    Spells: 9/9 levels left

rFire   . . .      SeeInvis .    p - +1 broad axe (heavy)
rCold   . . .      Faith    .    c - +0 buckler
rNeg    . . .      Spirit   .    l - +2 plate armour
rPois   .          Reflect  .    m - +0 helmet
rElec   .          Harm     .    (no cloak)
rCorr   .          Rampage  .    n - +0 pair of gloves
Will    .....      NoTele   +    (no boots) Stlth
                                 (no amulet)
HPRegen 0.34/turn                d - +3 ring of dexterity
MPRegen 0.18/turn                e - +3 ring of dexterity

@: no status effects
A: reduced essence
a: Renounce Religion, Recall Ancestor, Ancestor Identity, Transference


You were in the Dungeon.
You worshipped Hepliaklqana.
Hepliaklqana was most pleased with you.
You visited 1 branch

Inventory:

Hand Weapons
 p - a +1 heavy broad axe (weapon)
Armour
 c - a +0 buckler (worn)
 l - a +2 plate armour (worn)
 m - a +0 helmet (worn)
 n - a +0 pair of gloves (worn)
Jewellery
 d - a +3 ring of dexterity (left hand)
 e - a +3 ring of dexterity (right hand)
Potions
 f - a potion of might
 g - 5 potions of heal wounds
 h - 4 potions of magic
 i - 3 potions of curing
 j - 2 potions of berserk rage
 k - 2 potions of invisibility


   Skills:
 + Level 12.3 Fighting
 + Level 13.0 Axes
 + Level 11.4 Armour
 + Level 11.3 Shields
 * Level 17.2 Invocations


You had 9 spell levels left.
You didn't know any spells.
Your spell library was empty.

Dungeon Overview and Level Annotations

Branches:
Dungeon (1/1)

Altars:
Ashenzari
Cheibriados
Dithmenos
Elyvilon
Fedhas
Gozag
Hepliaklqana
Kikubaaqudgha
Makhleb
Nemelex Xobeh
Okawaru
Qazlal
Ru
Sif Muna
Trog
Uskayaw
Vehumet
Wu Jian
Xom
Yredelemnul
Zin
The Shining One
Beogh
Jiyva
Lugonu

Annotations:
D Erica


Message History

Erica barely misses you. Erica hits you but does no damage.
The wind drake flaps its wings at you. The air twists around and strikes you.
You swap places.
You feel very sick.
Xiuhtonal hits Erica with a +0 flail.
Erica hits Xiuhtonal with a +4 scimitar of flaming!
Erica burns Xiuhtonal.
A white imp and a tyrant leech come into view.
You feel sick.
The white imp shouts!
Xiuhtonal hits Erica with a +0 flail!
Erica hits Xiuhtonal but does no damage.
There is an open door, spattered with blood here.
You feel very sick.
You feel sick.
Xiuhtonal hits Erica with a +0 flail.
Erica gestures wildly while chanting.
Erica flickers and vanishes!
Deactivating autopickup; reactivate with Ctrl-A.
You feel sick.
Xiuhtonal hits something with a +0 flail.
Something barely misses Xiuhtonal.
The wind drake flaps its wings at you. The air twists around and strikes you.
There is an open door here.
You feel sick.
Xiuhtonal hits something with a +0 flail.
Xiuhtonal blocks something's attack.
You close the door.
You feel sick.
You feel sick.
You feel sick.
There is an open door, spattered with blood here.
You feel sick.
You are no longer poisoned.
An orange demon opens the door.
You close the door.
Something unseen opens the door.
The wind drake flaps its wings at you. The air twists around and strikes you!
You die...

####.##................+
.....)'................+
#'#####......#..#......#
.....##................#
####'#####'#####''######
...†.##.......##')#########
..÷..##.......##......#...+
##†####.......##....###...#
.....##...<...##@..##.+.÷)+
.....##.......##..##..##'## ##.
.....##.......##..#..##...##.5'.
#######.......##..#÷.#4.5..#..#
.##.. ##########..k..k..w4.w..+
..#.############..#..#.....#..#
.##.#....#....##..#..##...##..+
..#)#....#...[##..##..##'##..#
.##.)....'..[)##...##.+..R{.#


You could see a wind drake (repels missiles).

Vanquished Creatures
  A sea snake (D)
  A lindwurm (D)
  Pikel (D)
  A cyclops (D)
  Maurice (D)
  An unseen horror (D)
  A komodo dragon (D)
  A snapping turtle (D)
  4 blink frogs (D)
  A warg (D)
  An acid dragon (D)
  An orc warrior (D)
  A wolf (D)
  A kobold brigand (D)
  A necrophage (D)
  2 hounds (D)
  An orc priest (D)
  An iguana (D)
  3 orc wizards (D)
  2 gnolls (D)
  An adder (D)
  A river rat (D)
  A white imp (D)
  An adder zombie (D)
  6 orcs (D)
  3 bats (D)
  A bat zombie (D)
  2 endoplasms (D)
  A quokka skeleton (D)
44 creatures vanquished.

Vanquished Creatures (collateral kills)
  Crazy Yiuf (D)
1 creature vanquished.

Vanquished Creatures (others)
  An orc wizard (D)
  A knight (D)
  2 ancestors (D)
4 creatures vanquished.

Grand Total: 49 creatures vanquished

Notes
Turn   | Place    | Note
-------+----------+-------------------------------------------
     0 | D        | BigDaddyOpFi the Hill Orc Fighter began the quest for the
                  | Orb.
     0 | D        | Reached XP level 1. HP: 19/19 MP: 1/1
    14 | D        | Reached XP level 2. HP: 25/28 MP: 2/2
    17 | D        | Found a bloodstained altar of Trog.
    17 | D        | Found a shimmering blue altar of Sif Muna.
    17 | D        | Found a viscous altar of Jiyva.
    17 | D        | Found a hazy altar of Hepliaklqana.
    17 | D        | Found an opulent altar of Gozag.
    18 | D        | Found a glowing golden altar of the Shining One.
    18 | D        | Found a glowing silver altar of Zin.
    18 | D        | Found a basalt altar of Yredelemnul.
    18 | D        | Found a shimmering altar of Xom.
    18 | D        | Found an ornate altar of the Wu Jian Council.
    18 | D        | Found a sacrificial altar of Ru.
    18 | D        | Found a stormy altar of Qazlal.
    18 | D        | Found an iron altar of Okawaru.
    18 | D        | Found a sparkling altar of Nemelex Xobeh.
    18 | D        | Found a burning altar of Makhleb.
    18 | D        | Found a blossoming altar of Fedhas.
    18 | D        | Found a white marble altar of Elyvilon.
    18 | D        | Found a shadowy altar of Dithmenos.
    18 | D        | Found a snail-covered altar of Cheibriados.
    20 | D        | Found a corrupted altar of Lugonu.
    20 | D        | Found a radiant altar of Vehumet.
    20 | D        | Found a roughly hewn altar of Beogh.
    21 | D        | Found an ancient bone altar of Kikubaaqudgha.
    21 | D        | Found a hide-covered altar of Uskayaw.
    21 | D        | Found a broken altar of Ashenzari.
    25 | D        | Became a worshipper of Hepliaklqana the Forgotten
    62 | D        | Reached skill level 1 in Invocations
   174 | D        | Reached skill level 2 in Invocations
   174 | D        | Reached XP level 3. HP: 32/35 MP: 3/5
   176 | D        | Reached * piety under Hepliaklqana
   180 | D        | Reached skill level 3 in Invocations
   183 | D        | Reached skill level 5 in Fighting
   183 | D        | Reached skill level 5 in Axes
   183 | D        | Reached skill level 4 in Invocations
   183 | D        | Reached XP level 4. HP: 35/37 MP: 3/7
   366 | D        | Noticed a kobold brigand
   366 | D        | Noticed an orc warrior
   367 | D        | Noticed a necrophage
   386 | D        | Reached skill level 5 in Armour
   387 | D        | Reached skill level 5 in Shields
   392 | D        | Killed an orc warrior
   393 | D        | Reached skill level 7 in Invocations
   393 | D        | Reached XP level 5. HP: 32/45 MP: 7/10
   402 | D        | Killed a kobold brigand
   403 | D        | Reached skill level 8 in Invocations
   403 | D        | Reached XP level 6. HP: 27/54 MP: 8/12
   450 | D        | Reached skill level 9 in Invocations
   706 | D        | Noticed a warg
   715 | D        | Killed a warg
   716 | D        | Reached skill level 10 in Invocations
   716 | D        | Reached XP level 7. HP: 55/61 MP: 14/14
   837 | D        | Noticed a snapping turtle
   877 | D        | Killed a snapping turtle
   878 | D        | Reached skill level 11 in Invocations
   891 | D        | Noticed Pikel
   901 | D        | Killed Pikel
   902 | D        | Reached skill level 10 in Axes
   902 | D        | Reached skill level 12 in Invocations
   902 | D        | Reached XP level 8. HP: 30/70 MP: 15/17
  1174 | D        | Reached ** piety under Hepliaklqana
  1186 | D        | Reached skill level 13 in Invocations
  1224 | D        | Killed an unseen horror
  1230 | D        | Reached skill level 10 in Fighting
  1496 | D        | Remembered your ancestor Xiuhtonal as a knight
  1710 | D        | Noticed Crazy Yiuf
  1710 | D        | Noticed a lindwurm
  1714 | D        | Killed Crazy Yiuf
  1715 | D        | Killed a lindwurm
  1716 | D        | Reached skill level 14 in Invocations
  1716 | D        | Reached XP level 9. HP: 72/77 MP: 19/19
  1726 | D        | Noticed a cyclops
  1733 | D        | Killed a cyclops
  1734 | D        | Reached skill level 10 in Armour
  1734 | D        | Reached skill level 10 in Shields
  1734 | D        | Reached skill level 15 in Invocations
  1889 | D        | Reached *** piety under Hepliaklqana
  1907 | D        | Reached skill level 16 in Invocations
  2078 | D        | Noticed Maurice
  2085 | D        | Killed Maurice
  2086 | D        | Reached XP level 10. HP: 79/87 MP: 22/22
  2298 | D        | Noticed Erica
  2298 | D        | Noticed a sea snake
  2303 | D        | Killed a sea snake
  2304 | D        | Reached skill level 17 in Invocations
  2304 | D        | Noticed an orange demon
  2320 | D        | Killed from afar by a wind drake

Illustrated notes

Levels and vault maps discovered:
D:        pitsprint [storerooms_1, entrance_room_1, metal_vault_6, armoury_1,
          mini_pit_1, grid_room_1, main_hall_1, silver_pit, the_coven_3,
          the_vestibule_1, steel_vault_5, golden_pit, hallway_of_sentries,
          crystal_vault_2, iron_vault_1, final_vault]

Skill      XL: |  1  2  3  4  5  6  7  8  9 10 |
---------------+-------------------------------+-----
Fighting       | 4 5 6 7 8 9 10 11 12 | 12.3
Axes           | 3 4 5 6 7 8 10 11 12 13 | 13.0
Armour         | 4 5 6 7 8 9 10 11 | 11.4
Shields        | 4 5 6 7 8 9 10 11 | 11.3
Invocations    | 2 4 7 8 10 12 14 16 17 | 17.2

Action                     |  1- 3 |  4- 6 |  7- 9 | 10-12 || total
---------------------------+-------+-------+-------+-------++-------
  Melee: War axe           |    30 |    63 |    56 |       ||   149
         Broad axe         |       |       |    25 |    11 ||    36
 Invoke: Ancestor Life: Kn |       |       |     1 |       ||     1
    Use: Potion            |       |     3 |    14 |     1 ||    18
         Scroll            |       |       |     1 |       ||     1
 Armour: Scale mail        |    21 |       |       |       ||    21
         Plate armour      |       |    51 |    72 |     4 ||   127
  Dodge: Dodged            |    16 |    10 |    23 |     2 ||    51
  Block: Buckler           |     8 |    10 |    27 |     5 ||    50

Table legend: (Time is in decaauts)
 A = Elapsed time spent in this place.
 B = Non-inter-level travel time spent in this place.
 C = Inter-level travel time spent in this place.
 D = Time resting spent in this place.
 E = Time spent auto-exploring this place.
 F = Levels seen in this place.
 G = Mean time per level.
                   A        B        C        D        E       F      G
               +--------+--------+--------+--------+--------+-----+--------+
         Total |   2374 |   2306 |     68 |   1696 |      0 |   1 | 2374.0 |
       Dungeon |   2374 |   2306 |     68 |   1696 |      0 |   1 | 2374.0 |
               +--------+--------+--------+--------+--------+-----+--------+

Top non-repeatable levels by time:
       D: 2374 daAuts
